 Dungeon Crawl Stone Soup version 0.15-a0-1253-g15b4f57 (webtiles) character file.

50 Quh the Charmwright (level 3, -3/27 HPs)
             Began as a Vampire Skald on June 4, 2014.
             Slain by a gnoll
             ... wielding a +0,+0 club
              (7 damage)
             ... on Level 2 of the Dungeon.
             The game lasted 00:06:06 (1741 turns).

Quh the Charmwright (Vampire Skald)                 Turns: 1741, Time: 00:06:06

HP  -3/27        AC  3     Str 11      XL: 3   Next: 55%
MP   2/6         EV 10     Int 15      God:
Gold 55          SH  0     Dex 13      Spells:  2 memorised,  3 levels left

rFire  . . .     SeeInvis +     f - +0 dagger
rCold  . . .     Clarity  .     b - +0 leather armour
rNeg   + . .     rCorr    .     (no shield)
rPois  .         rRot     .     (no helmet)
rElec  .         Spirit   .     (no cloak)
SustAb .         Warding  .     (no gloves)
rMut   .         Stasis   .     (no boots)
Gourm  .                        (no amulet)
MR     .....                    (no ring)
                                (no ring)

@: not resistant to hostile enchantments, very unstealthy
A: fangs 3, see invisible, unbreathing
a: Bat Form


You were on level 2 of the Dungeon.
You were not thirsty.

You visited 1 branch of the dungeon, and saw 2 of its levels.

You collected 55 gold pieces.

Inventory:

Hand weapons
 a - a +0,+0 short sword
 f - a +0,+0 dagger (weapon)
 m - a +0,+0 short sword
 o - a cursed +0,+0 hand axe
Missiles
 g - 18 stones (quivered)
 l - 11 sling bullets
 p - 21 arrows
Armour
 b - a +0 leather armour (worn)
Scrolls
 e - a scroll of random uselessness {unknown}
 i - a scroll of recharging {unknown}
 j - a scroll of magic mapping {unknown}
 n - a scroll of noise {unknown}
Potions
 d - a potion of blood
 h - a potion of curing {unknown}
 k - a potion of magic {unknown}
Books
 c - a book of Battle

   Spells                             Type                      Level
   *Infusion                          Charms                       1
   *Shroud of Golubria                Charms/Translocation         2
   Song of Slaying                    Charms                       2
   Spectral Weapon                    Hexes/Charms                 3
   Regeneration                       Charms/Necromancy            3


   Skills:
 + Level 1.9 Fighting
 * Level 3.2 Short Blades
 - Level 0.7 Armour
 + Level 1.4 Dodging
 + Level 2.1 Spellcasting
 * Level 4.0 Charms


You had 3 spell levels left.
You knew the following spells:

 Your Spells              Type           Power        Failure   Level  Hunger
a - Infusion              Chrm           ##....       4%          1    #......
b - Shroud of Golubria    Chrm/Tloc      #.........   14%         2    ###....


Dungeon Overview and Level Annotations

Branches:
Dungeon (2/15)

Altars:
Cheibriados


Innate Abilities, Weirdness & Mutations

You have razor-sharp teeth.*
You have supernaturally acute eyesight.
You can survive without breathing.*


Message History

The hobgoblin is severely wounded.
The hobgoblin closely misses you.
You hit the hobgoblin.
You kill the hobgoblin!
You closely miss the gnoll. You bite the gnoll.
You draw the gnoll's blood!
You feel slightly less thirsty.
The gnoll is lightly wounded.
The gnoll hits you with a club. The gnoll closely misses you.
You hit the gnoll. Your bite misses the gnoll.
The gnoll is lightly wounded.
The gnoll barely misses you.
Casting: Shroud of Golubria
Confirm with . or Enter, or press ? or * to list all spells.
Space distorts slightly along a thin shroud covering your body.
The gnoll hits you from afar with a spear!
Your shroud bends the gnoll's attack away.
The gnoll hits you from afar with a spear!
* * * LOW HITPOINT WARNING * * *
The gnoll closely misses you. The gnoll hits you with a club!
You die...

#...# ##....g## ###.#
######..### #.#
#.........# #######'##
#.........+ #........#
#.........# #........#
###.........#
#........###g'.........#
#.....<..#.gg#.........#
#........#@###%........#
#........'.# #.........#
......._### #.........#
........# #.........
#+####### #........
####+####


You could see 3 gnolls.

Vanquished Creatures
  A gnoll (D:2)
  4 giant geckos
  3 bats (D:1)
  2 giant cockroaches (D:1)
  6 hobgoblins
  4 jackals (D:1)
  4 kobolds
  A giant newt (D:1)
  4 goblins
  4 rats (D:1)
33 creatures vanquished.

Notes
Turn   | Place    | Note
--------------------------------------------------------------
     0 | D:1      | Quh, the Vampire Skald, began the quest for the Orb.
     0 | D:1      | Reached XP level 1. HP: 16/16 MP: 3/3
   205 | D:1      | Reached XP level 2. HP: 22/22 MP: 0/4
   211 | D:1      | Learned a level 2 spell: Shroud of Golubria
   807 | D:1      | Reached XP level 3. HP: 23/27 MP: 0/6
  1508 | D:2      | Found a snail-covered altar of Cheibriados.
  1527 | D:2      | Reached skill level 4 in Charms
  1741 | D:2      | Slain by a gnoll

Action                   || total
-------------------------++-------
Melee: Short sword       ||    53
       Dagger            ||    62
Throw: Stone             ||     8
 Cast: Infusion          ||    10
       Shroud of Golubri ||     6
